 Dungeon Crawl Stone Soup version 0.30.1-9-gdf580d7c3d (webtiles) character file.

Game seed: 3688948818458671674

1287 Wiggles the Cleaver (level 8, -7/70 HPs)
             Began as a Minotaur Berserker on Sept 29, 2023.
             Was a Believer of Trog.
             Mangled by a kobold brigand
             ... wielding a +0 dagger of distortion
              (17 damage)
             ... on level 5 of the Dungeon.
             The game lasted 00:07:43 (3985 turns).

Wiggles the Cleaver (Minotaur Berserker)            Turns: 3985, Time: 00:07:43

Health: -7/70      AC: 11    Str: 24    XL:     8   Next: 30%
Magic:  7/7        EV:  8    Int:  4    God:    Trog [**....]
Gold:   285        SH:  7    Dex: 10    Spells: 7/7 levels left

rFire   . . .        a - +0 hand axe
rCold   . . .        t - +0 kite shield
rNeg    . . .        x - +0 chain mail
rPois   .            (helmet restricted)
rElec   .            (no cloak)
rCorr   .            g - +0 pair of gloves
SInv    .            (no boots)
Will    .....        k - amulet of the acrobat Stlth
                     (no ring)
HPRegen 0.31/turn    (no ring)
MPRegen 0.10/turn

%: acrobat
@: on berserk cooldown, slowed, very slow
A: horns 2, retaliatory headbutt
a: Renounce Religion, Berserk, Trog's Hand


You were on level 5 of the Dungeon.
You worshipped Trog.
Trog was pleased with you.
You visited 1 branch of the dungeon, and saw 5 of its levels.

You collected 285 gold pieces.

Inventory:

Hand Weapons
 a - a +0 hand axe (weapon)
Armour
 g - a +0 pair of gloves (worn)
 t - a +0 kite shield (worn)
 x - a +0 chain mail (worn)
Jewellery
 k - an amulet of the acrobat (around neck)
 v - an amulet of magic regeneration
Wands
 n - a wand of charming (17)
 w - a wand of iceblast (15)
Scrolls
 b - 4 scrolls of poison {unknown}
 d - 2 scrolls of identify {unknown}
 h - 2 scrolls of vulnerability {unknown}
 l - 3 scrolls of teleportation {unknown}
 o - 2 scrolls of enchant armour {unknown}
 q - a scroll of fear {unknown}
 r - 2 scrolls of amnesia {unknown}
 s - a scroll of brand weapon {unknown}
Potions
 c - 4 potions of heal wounds {unknown}
 e - 3 potions of degeneration {unknown}
 i - 4 potions of curing {unknown}
 j - 2 potions of flight {unknown}
 m - 3 potions of haste
 p - 2 potions of attraction {unknown}
 u - a potion of magic {unknown}


   Skills:
 + Level 6.2 Fighting
 + Level 9.0 Axes
 + Level 5.7 Armour
 + Level 4.4 Dodging
 + Level 0.3 Stealth
 + Level 1.9 Shields


You had 7 spell levels left.
You didn't know any spells.
Your spell library was empty.

Dungeon Overview and Level Annotations

Branches:
Dungeon (5/15)             Temple (0/1) D:4

Altars:
Lugonu

Shops:
D:4 :=*

Portals:
Abyss: D:5


Innate Abilities, Weirdness & Mutations

You have a pair of horns on your head.
You reflexively headbutt those who attack you in melee.


Message History

The kobold brigand hits you but does no damage.
Space warps around you.
The kobold brigand hits you but does no damage.
You block the kobold's attack.
You closely miss the kobold.
The kobold is moderately wounded.
You closely miss the kobold brigand. You block the kobold brigand's attack.
The kobold barely misses you. The kobold brigand closely misses you.
You block the kobold's attack.
You hit the kobold but do no damage.
The kobold is moderately wounded.
You hit the kobold brigand.
The kobold brigand hits you with a +0 dagger of distortion.
Space warps around you. The kobold hits you but does no damage.
Space warps horribly around you!
You closely miss the kobold. You headbutt the kobold.
The kobold is heavily wounded.
You hit the kobold brigand but do no damage.
The kobold brigand hits you but does no damage.
Space warps horribly around you!! The kobold closely misses you.
You furiously retaliate!
You headbutt the kobold, but do no damage.
You block the kobold brigand's attack. The kobold misses you.
You hit the kobold.
You kill the kobold!
Trog accepts your kill.
You hit the kobold brigand but do no damage.
The kobold brigand hits you with a +0 dagger of distortion.
Space warps horribly around you!
* * * LOW HITPOINT WARNING * * *
You block the kobold brigand's attack.
There is a large open translucent door here.
Things that are here:
a +1 rapier of distortion; a +1 rapier of distortion; a kobold corpse You closely miss the kobold brigand.
You headbutt the kobold brigand.
The kobold brigand is moderately wounded.
You block the kobold brigand's attack.
The kobold brigand hits you but does no damage.
Space warps horribly around you!
You die...

### ####.# #.#...#.########## .##
#....#####.#.#.#.# #... ..#
#.#..))..........#######.##
..#####...###)....#####..#.......
.................## #.#####.#####
.#######..###.##<###..###.#### #
########..# #.#..#..§§##§.?#.## #
..........# #.#.##..§§.§§KK#..###
#.######.## #.#.@).§_§.#§..#....#
#.# #.# #...K§.).§###.###.#.# #.#
#.# #.#####.§§# ####.##.# ..# #.#
#.# ...#####.###.# .## #.# #.#
####.....###.# .#######.# #..
####.......... .........# ###
#.#....#####.# .#########
#(##.#.# #.# .# #.##.#.#####.#


You could see a kobold brigand.

Vanquished Creatures
  Pikel (D:4)
  Edmund (D:4)
  2 water moccasins (D:5)
  A lemure (D:4)
  A phantom (D:5)
  A kobold brigand (D:5)
  A scorpion (D:4)
  A hound (D:5)
  A jelly (D:5)
  A sleepcap (D:5)
  Ijyb (D:4)
  3 iguanas
  4 adders
  An ufetubus (D:5)
  2 worms
  3 dart slugs
  5 orcs (D:5)
  4 ball pythons
  4 endoplasms
  5 giant cockroaches
  8 goblins
  6 hobgoblins
  8 kobolds
  2 quokkas
  8 bats
  6 frilled lizards
  A rat (D:2)
82 creatures vanquished.

Notes
Turn   | Place    | Note
-------+----------+-------------------------------------------
     0 | D:1      | Wiggles the Minotaur Berserker began the quest for the Orb.
     0 | D:1      | Reached XP level 1. HP: 19/19 MP: 0/0
   265 | D:1      | Reached XP level 2. HP: 19/27 MP: 1/1
   280 | D:1      | Reached skill level 4 in Axes
  1252 | D:2      | Reached XP level 3. HP: 33/33 MP: 2/2
  1340 | D:2      | Reached ** piety under Trog
  1780 | D:3      | Reached XP level 4. HP: 41/41 MP: 3/3
  2104 | D:4      | Noticed Edmund
  2112 | D:4      | Killed Edmund
  2113 | D:4      | Reached skill level 5 in Axes
  2113 | D:4      | Reached XP level 5. HP: 47/47 MP: 4/4
  2188 | D:4      | Found a transporter.
  2190 | D:4      | Found Riusoxt's General Store.
  2193 | D:4      | Found a transporter.
  2197 | D:4      | Noticed a lemure
  2197 | D:4      | Noticed a lemure
  2198 | D:4      | Noticed a lemure
  2198 | D:4      | Noticed a lemure
  2199 | D:4      | Noticed Pikel
  2205 | D:4      | Killed a lemure
  2210 | D:4      | Killed Pikel
  2211 | D:4      | Reached skill level 5 in Fighting
  2211 | D:4      | Reached skill level 7 in Axes
  2211 | D:4      | Reached XP level 6. HP: 56/56 MP: 5/5
  2211 | D:4      | Reached XP level 7. HP: 61/61 MP: 6/6
  2446 | D:4      | Found a staircase to the Ecumenical Temple.
  2600 | D:4      | Found Bucvic's Jewellery Emporium.
  2621 | D:4      | Found Etsyd's Book Shop.
  2626 | D:4      | Reached skill level 5 in Armour
  2840 | D:4      | Noticed Ijyb
  2862 | D:4      | Killed Ijyb
  3173 | D:5      | Entered Level 5 of the Dungeon
  3221 | D:5      | Reached skill level 8 in Axes
  3325 | D:5      | Reached XP level 8. HP: 69/70 MP: 7/7
  3464 | D:5      | Found a one-way gate to the infinite horrors of the Abyss.
  3704 | D:5      | Reached skill level 1 in Shields
  3962 | D:5      | Found a large runed translucent door.
  3962 | D:5      | Found a large runed translucent door.
  3963 | D:5      | Found a corrupted altar of Lugonu.
  3975 | D:5      | Reached skill level 9 in Axes
  3985 | D:5      | Mangled by a kobold brigand

Illustrated notes

Levels and vault maps discovered:
D:1:      amcnicky_arrival_double_pillar, layout_basic
D:2:      layout_basic
D:3:      layout_rooms
D:4:      layout_loops_cross, minmay_temple_entry_butterflies, serial_shops,
          shop, nicolae_shop_drivethru, nicolae_shop_advertising_works
          [nicolae_subvault_shop_adworks], minivault_5, kennysheep_donut,
          minmay_misc_feat_plants, uniq_edmund, uniq_ijyb, uniq_pikel
D:5:      due_chaos_kobolds, layout_loops_ring, chequers_serial_rivers_micro_a,
          dreamdust_mushroom_princess

Skill      XL: |  1  2  3  4  5  6  7  8 |
---------------+-------------------------+-----
Fighting       | 4 5 6 |  6.2
Axes           | 4 5 7 8 9 |  9.0
Armour         | 3 4 5 |  5.7
Dodging        | 3 4 |  4.4
Shields        | 1 |  1.9
Stealth        | |  0.3

Action                     |  1- 3 |  4- 6 |  7- 9 || total
---------------------------+-------+-------+-------++-------
  Melee: Hand axe          |    72 |    37 |   112 ||   221
         Headbutt          |     9 |     5 |    22 ||    36
 Invoke: Berserk           |       |     2 |     3 ||     5
 Armour: Leather armour    |     4 |       |       ||     4
         Animal skin       |     1 |       |       ||     1
         Ring mail         |    28 |    23 |     9 ||    60
         Chain mail        |       |       |    33 ||    33
  Dodge: Dodged            |    58 |    31 |    44 ||   133
  Block: Kite shield       |       |       |    37 ||    37
